 Dungeon Crawl Stone Soup version 0.26.0-16-gc1dbca0489 (webtiles) character file.

Game seed: 15469693516224663359

652 112233 the Poker (level 7, -3/50 HPs)
             Began as an Octopode Fighter on Jan 18, 2021.
             Shot with an arrow by a centaur (14 damage)
             ... on level 6 of the Dungeon.
             The game lasted 00:04:10 (4193 turns).

112233 the Poker (Octopode Fighter)                 Turns: 4193, Time: 00:04:11

Health: -3/50      AC:  2    Str: 16    XL:     7   Next: 54%
Magic:  2/2        EV: 13    Int: 12    God:
Gold:   241        SH:  9    Dex: 13    Spells: 6/6 levels left

rFire    . . .     SeeInvis .   j - +0 trident (antimagic)
rCold    . . .     Faith    .   b - +0 kite shield
rNeg     . . .     Spirit   .   (helmet restricted)
rPois    +         Reflect  .   (no amulet)
rElec    .         Harm     .   l - ring of resist corrosion
rCorr    +         Rampage  .   (no ring)
Will     .....                  (no ring)
Stlth    ++........             (no ring)
HPRegen  0.16/turn              (no ring)
MPRegen  0.08/turn              (no ring)
                                (no ring)
                                (no ring)

@: invisible
A: almost no armour, stealthy swim, amphibious, 8 rings, constrict 8, tentacle
spike 1, rugged brown scales 1, camouflage 1, clever 1, poison resistance,
gelatinous body 1
a: no special abilities


You were on level 6 of the Dungeon.
You visited 1 branch of the dungeon, and saw 6 of its levels.

You collected 241 gold pieces.

Inventory:

Hand Weapons
 a - a +0 trident
 j - a +0 antimagic trident (weapon)
Missiles
 p - 13 poisoned darts (quivered)
Armour
 b - a +0 kite shield (worn)
Jewellery
 k - an uncursed ring of flight {unknown}
 l - a ring of resist corrosion (left tentacle)
Wands
 e - a wand of flame (10)
Scrolls
 c - a scroll of immolation {unknown}
 d - 4 scrolls of remove curse {unknown}
 f - a scroll of enchant weapon {unknown}
 g - a scroll of fear {unknown}
 i - 3 scrolls of teleportation {unknown}
 n - a scroll of noise {unknown}
 o - a scroll of identify {unknown}
Potions
 m - a potion of lignification {unknown}


   Skills:
 + Level 4.6 Fighting
 * Level 5.3 Polearms
 + Level 4.6 Dodging
 + Level 4.5 Shields


You had 6 spell levels left.
You didn't know any spells.
Your spell library was empty.

Dungeon Overview and Level Annotations

Branches:
Dungeon (6/15)             Temple (0/1) D:6

Altars:
Elyvilon
Fedhas

Annotations:
D:5 Dowan, Duvessa


Innate Abilities, Weirdness & Mutations

You cannot wear most types of armour.
You are very stealthy in the water. (Stealth+)
You are amphibious.
You can wear up to eight rings at the same time.
You can use your tentacles to constrict eight enemies at once.
Your skin changes colour to match your surroundings (Stealth+).
Your rubbery body absorbs attacks. (AC +1, EV +1)
One of your tentacles bears a spike.
You are partially covered in rugged brown scales. (AC +1, +3% HP)
Your mind is acute. (Int +2)
Your system is resistant to poisons. (rPois)


Message History

Found 18 stones.
You see here 18 stones.
Found a mace.
Found a staircase to the Ecumenical Temple.
Unknown command.
You see here a mace.
A centaur comes into view.
The centaur shouts!
The centaur wields a +0 shortbow.
The centaur shoots an arrow.
You block the arrow.
The centaur shoots an arrow.
The arrow hits you!
The centaur shoots an arrow.
The arrow hits you!
You see here 2 arrows.
The centaur shoots an arrow.
You block the arrow.
The centaur shoots an arrow.
The arrow hits you!
* * * LOW HITPOINT WARNING * * *
You see here an arrow.
You fade into invisibility!
The centaur shoots an arrow.
The arrow hits you!
You die...

#.#####(##
#.##.....#
#.##.##..######.#
#..........<...#
####.##########.#
#.# #.##
##########
##..###.(.......
#....##@#.......
#.##)##(##.##...
#.#.........# .
#........c.....
#.#..⌠...⌠..#..
#.#.........#...
#......>......##
#.#.........#..
#.#..⌠...⌠..###


You could see a centaur.

Vanquished Creatures
  Grinder (D:3)
  An ogre (D:4)
  A hound (D:3)
  3 orc wizards (D:3)
  2 orc priests
  A worker ant (D:4)
  A hound skeleton (D:3)
  Robin (D:3)
  A howler monkey skeleton (D:2)
  2 adders (D:3)
  A white imp (D:5)
  An ooze (D:2)
  2 worms
  2 dart slugs (D:1)
  4 leopard geckos
  15 orcs
  6 bats
  A giant cockroach (D:1)
  12 goblins
  9 hobgoblins
  6 kobolds
  A quokka (D:2)
  3 ball pythons
  4 frilled lizards
  9 rats
90 creatures vanquished.

Notes
Turn   | Place    | Note
-------+----------+-------------------------------------------
     0 | D:1      | 112233 the Octopode Fighter began the quest for the Orb.
     0 | D:1      | Reached XP level 1. HP: 16/16 MP: 1/1
   385 | D:1      | Reached XP level 2. HP: 21/21 MP: 2/2
   787 | D:3      | Noticed Robin
   809 | D:3      | Reached XP level 3. HP: 26/26 MP: 3/3
   828 | D:3      | Noticed Grinder
   831 | D:3      | Paralysed by Grinder for 4 turns
   847 | D:3      | Killed Grinder
   848 | D:3      | Reached skill level 4 in Polearms
   848 | D:3      | Reached XP level 4. HP: 9/33 MP: 1/4
   848 | D:3      | Reached XP level 5. HP: 10/37 MP: 1/5
   848 | D:3      | Reached XP level 6. HP: 11/43 MP: 2/6
  1619 | D:3      | Killed Robin
  1980 | D:3      | Found a blossoming altar of Fedhas.
  2348 | D:3      | Gained mutation: You are partially covered in rugged brown
                  | scales. (AC +1, +3% HP) [potion of mutation]
  2348 | D:3      | Gained mutation: Your mind is acute. (Int +2) [potion of
                  | mutation]
  2348 | D:3      | Gained mutation: Your system is resistant to poisons.
                  | (rPois) [potion of mutation]
  2348 | D:3      | Gained mutation: One of your tentacles bears a spike.
                  | [potion of mutation]
  2826 | D:3      | Reached XP level 7. HP: 49/49 MP: 2/7
  3162 | D:2      | Found a white marble altar of Elyvilon.
  3314 | D:2      | Reached skill level 5 in Polearms
  4056 | D:4      | Noticed a troll
  4089 | D:5      | Entered Level 5 of the Dungeon
  4150 | D:5      | Noticed Duvessa
  4150 | D:5      | Noticed Dowan
  4184 | D:6      | Found a staircase to the Ecumenical Temple.
  4193 | D:6      | Shot with an arrow by a centaur

Illustrated notes

Levels and vault maps discovered:
D:1:      dpeg_arrival_yet_another_circle, layout_loops_ring
D:2:      layout_loops_ring, lemuel_coloured_pillars_altar, serial_rivers,
          chequers_serial_rivers_micro_a, chequers_serial_rivers_small_a,
          chequers_serial_rivers_large_b, chequers_serial_rivers_micro_a,
          chequers_serial_rivers_micro_e, minmay_3d_cube
D:3:      layout_basic, fedhas_altar_1, uniq_grinder, uniq_robin
D:4:      layout_rooms, lemuel_round_altar, serial_shops,
          nicolae_shop_behind_doors, kennysheep_big_empty_room,
          minmay_misc_feat_alley, tgw_kikubaaqudgha
D:5:      layout_loops_ring, lemuel_crystal_altar, old_standard_altar,
          grunt_qazlal_sundering, serial_shops, shop, minmay_ogre_servants,
          uniq_eustachio, uniq_duvessa
D:6:      layout_loops_cross, kennysheep_mini_moat, old_standard_altar,
          minmay_temple_entry_large_hall

Skill      XL: |  1  2  3  4  5  6  7 |
---------------+----------------------+-----
Polearms       | 4 5 |  5.3
Fighting       | 4 |  4.6
Dodging        | 4 |  4.6
Shields        | 4 |  4.5

Action                   |  1- 3 |  4- 6 |  7- 9 || total
-------------------------+-------+-------+-------++-------
Melee: Trident           |    53 |    90 |    53 ||   196
       Constrict         |    12 |    19 |     8 ||    39
       Tentacles         |     5 |    16 |    11 ||    32
       Kick              |       |     5 |    10 ||    15
  Use: Potion            |     4 |     3 |     1 ||     8
 Stab: Sleeping          |     9 |     6 |     3 ||    18
       Invisible         |       |     3 |       ||     3
       Distracted        |       |     1 |       ||     1
Armor: Skin              |     4 |     1 |       ||     5
Dodge: Dodged            |    11 |    22 |     9 ||    42
Block: Kite shield       |    11 |    35 |    12 ||    58
